[Event "*** SCC Grand Prix: Titled Tuesday Blitz"]
[Site "Chess.com"]
[Date "2020.07.14"]
[Round "9"]
[White "GaboSalazar2001"]
[Black "Maghalashvili"]
[Result "0-1"]
[WhiteElo "2298"]
[BlackElo "2744"]
[TimeControl "180+1"]
[EndTime "11:44:56 PDT"]
[Termination "Maghalashvili won by resignation"]

1. e4 c5 2. Nf3 d6 3. d4 cxd4 4. Nxd4 Nf6 5. Nc3 a6 6. Bc4 e6 7.
Be3 b5 8. Bb3 Bb7 9. f4 b4 10.
Na4 Nxe4 11. f5 Qh4+ 12. Ke2 e5 13. Nf3 Qg4 14. Rg1 Nd7 15. Bd5 Bxd5 16. Qxd5 Rc8 17.
c3 Qxf5 18. g4 Nxc3+ 19. Nxc3 Qc2+ 20. Qd2 Qxd2+ 21. Kxd2 bxc3+ 22. bxc3 Nf6 23. Rab1 Ne4+ 24. Kd3 d5 25. Nxe5 Rxc3+ 26. Ke2 Bd6 27. Bd4 Rc2+ 28. Kd3 Rxa2 29. Rb6 O-O 30. Nd7 Rd8 0-1

[Event "*** SCC Grand Prix: Titled Tuesday Blitz"]
[Site "Chess.com"]
[Date "2020.07.14"]
[Round "9"]
[White "queen_iryna"]
[Black "JSMastropiero"]
[Result "1-0"]
[WhiteElo "2263"]
[BlackElo "2393"]
[TimeControl "180+1"]
[EndTime "11:45:01 PDT"]
[Termination "queen_iryna won by resignation"]

1. d4 Nf6 2. Bg5 d5 3. Nc3 Nbd7 4. Nf3 h6 5. Bf4 a6 6. e3 e6 7. Ne5 c5 8. Qf3 cxd4 9. exd4 Bb4 10. Bd3 Nxe5 11. Bxe5 Bd7 12. O-O Bxc3 13. bxc3 Rc8 14. Rab1 b5 15. Qg3 O-O 16. a4 Nh5 17. Qh3 f6 18. Bd6 Qe8 19. Bxf8 Kxf8 20. Qf3 Rxc3 21. axb5 axb5 22. g4 Rxd3 23. cxd3 Qg6 24. Kh1 1-0

[Event "*** SCC Grand Prix: Titled Tuesday Blitz"]
[Site "Chess.com"]
[Date "2020.07.14"]
[Round "9"]
[White "dosto07"]
[Black "giantslayer83"]
[Result "0-1"]
[WhiteElo "2237"]
[BlackElo "2721"]
[TimeControl "180+1"]
[EndTime "11:45:08 PDT"]
[Termination "giantslayer83 won by resignation"]

1. e4 c6 2. d4 d5 3. Nc3 dxe4 4. Nxe4 Bf5 5. Ng3 Bg6 6. h4 h6 7. Nf3 Nf6 8. h5 Bh7 9. Bd3 Bxd3 10. Qxd3 e6 11.
Bd2 Be7 12. O-O-O O-O 13. Kb1 c5 14. Bc3 Nc6 15. dxc5 Bxc5 16. Bxf6 Qxd3 17. Rxd3 gxf6 18. Ne4 Be7 19. Rd7 f5 20. Nc3 b6 21. a3 Bf6 22. Nb5 a6 23. Nbd4 Nxd4 24. Nxd4 Rfd8 25. Rxd8+ Rxd8 26. Nf3 e5 27. c3 e4 28. Nd4 Bxd4 29. cxd4 Rxd4 30. Kc2 Kg7 31. Rh3 Kf6 32. Rc3 Rd6 33.
Rc7 f4 34. Rc8 Kg5 35. Re8 f5 36. Re5 f3 37. g3 Kg4 38. b4 Rf6 39. Kd2 Kxh5 40.
Ke3 Kg4 41. a4 Rd6 0-1

[Event "*** SCC Grand Prix: Titled Tuesday Blitz"]
[Site "Chess.com"]
[Date "2020.07.14"]
[Round "9"]
[White "rpragchess"]
[Black "GelmanAlexander"]
[Result "1-0"]
[WhiteElo "2819"]
[BlackElo "2609"]
[TimeControl "180+1"]
[EndTime "11:45:13 PDT"]
[Termination "rpragchess won by resignation"]

1. d4 Nf6 2. Bf4 c5 3. e3 d6 4. Nf3 Nbd7 5. Be2 b6 6. O-O Bb7 7. c4 h6 8. h3 g5 9. Bh2 Rg8 10. d5 b5 11. Nfd2 bxc4 12. e4 h5 13. Nc3 g4 14. h4 Bh6 15. Nxc4 Ba6 16. Nxd6+ exd6 17. Bxa6 g3 18. Bxg3 Rxg3 19. fxg3 Ng4 20. Bb5 Be3+ 21. Kh1 Rb8 22. Qf3 f6 23. Qf5 1-0

[Event "*** SCC Grand Prix: Titled Tuesday Blitz"]
[Site "Chess.com"]
[Date "2020.07.14"]
[Round "9"]
[White "ChessFunMaker"]
[Black "Gerodot71"]
[Result "0-1"]
[WhiteElo "2261"]
[BlackElo "2421"]
[TimeControl "180+1"]
[EndTime "11:45:14 PDT"]
[Termination "Gerodot71 won on time"]

1. c4 e5 2. g3 d5 3. cxd5 Qxd5 4. Nf3 Nc6 5. Nc3 Qe6 6. Bg2 Bd7 7. O-O Bc5 8. a3 f6 9. b4 Bb6 10. d3 O-O-O 11. Bb2 h5 12. Ne4 Qe7 13. Rc1 Nh6 14. Nc5 Nf5 15. Nxd7 Rxd7 16. Bh3 g6 17. e4 Nfd4 18.
Nxd4 Nxd4 19. Bxd4 Bxd4 20. Qc2 Kb8 21. Bxd7 Qxd7 22.
Qc4 h4 23. Rc2 hxg3 24. hxg3 Qh3 25. Qxc7+ Ka8 26. Qh7 Qxh7 0-1

[Event "*** SCC Grand Prix: Titled Tuesday Blitz"]
[Site "Chess.com"]
[Date "2020.07.14"]
[Round "9"]
[White "diamonds13"]
[Black "Tolya2"]
[Result "1-0"]
[WhiteElo "2247"]
[BlackElo "2371"]
[TimeControl "180+1"]
[EndTime "11:45:14 PDT"]
[Termination "diamonds13 won by resignation"]

1. d4 d5 2. c4 dxc4 3. e3 Nf6 4.
Nf3 e6 5. Bxc4 a6 6. O-O c5 7.
Qe2 b5 8. Bd3 Nbd7 9. Rd1 Bb7 10. dxc5 Bxc5 11. a3 O-O 12. b4 Be7 13. Bb2 Qb8 14.
Nbd2 Nb6 15. Nb3 Na4 16. Be5 Qa7 17. Na5 Rac8 18. Ng5 h6 19. Nh3 Nd7 20. Bh7+ Kxh7 21. Rxd7 Nc5 22. Rxe7 Qb6 23. bxc5 Qxa5 24. Rxb7 Rxc5 25.
Bd4 Rc6 26. Qg4 g6 27. Ng5+ Kg8 28. Qh4 Qd2 29. h3 e5 30. Qxh6 1-0

[Event "*** SCC Grand Prix: Titled Tuesday Blitz"]
[Site "Chess.com"]
[Date "2020.07.14"]
[Round "9"]
[White "Flawless_Fighter"]
[Black "MIJUAREZ"]
[Result "1-0"]
[WhiteElo "2557"]
[BlackElo "2386"]
[TimeControl "180+1"]
[EndTime "11:45:15 PDT"]
[Termination "Flawless_Fighter won on time"]

1. e4 c5 2. Nf3 e6 3. g3 d6 4. Bg2 Qc7 5. O-O Nf6 6. Re1 Nc6 7. c3 e5 8. d4 Bg4 9. d5 Nb8 10. h3 Bxf3 11. Qxf3 Be7 12. c4 O-O 13. Nc3 a6 14.
g4 Qd7 15. g5 Ne8 16. h4 Nc7 17. Bh3 Qe8 18. a4 f6 19. Qg3 fxg5 20. hxg5 Kh8 21.
Kg2 Qf7 22. Be3 Rd8 23. Rh1 g6 24. Raf1 Nd7 25. f4 exf4 26. Rxf4 Qg7 27. Bxd7 Rxd7 28. Rfh4 Bf8 29. Rxh7+ Qxh7 30. Rxh7+ Rxh7 31. e5 dxe5 32. Ne4 Kg8 33. Nf6+ 1-0

[Event "*** SCC Grand Prix: Titled Tuesday Blitz"]
[Site "Chess.com"]
[Date "2020.07.14"]
[Round "9"]
[White "maximnovik"]
[Black "WeAintSurePal"]
[Result "1-0"]
[WhiteElo "2475"]
[BlackElo "2267"]
[TimeControl "180+1"]
[EndTime "11:45:16 PDT"]
[Termination "maximnovik won by resignation"]

1. e4 c6 2. d4 d5 3. exd5 cxd5 4. c4 Nf6 5. Nc3 Nc6 6. Nf3 g6 7. Qb3 dxc4 8. Bxc4 e6 9. d5 exd5 10. Nxd5 Bg7 11. Nxf6+ Qxf6 12. Bg5 Qf5 13. O-O-O O-O 14. Rd5 Qg4 15. h3 Qe4 16. Re1 Qxe1+ 17. Nxe1 Nd4 18.
Qd1 Ne6 19. Nf3 b5 20. Bb3 Bb7 21. Rd7 Be4 22. Qe2 Rac8+ 23. Kd1 Bxf3 24. Qxf3 Nxg5 25.
Qd5 Ne6 26. Rxf7 Rxf7 27. Qxe6 Rf8 28. Qd7 Bxb2 29. Qxb5 Kg7 30. Bxf7 Rxf7 31. Qxb2+ 1-0

[Event "*** SCC Grand Prix: Titled Tuesday Blitz"]
[Site "Chess.com"]
[Date "2020.07.14"]
[Round "9"]
[White "SanchezKelvin"]
[Black "sertalzin"]
[Result "1-0"]
[WhiteElo "2405"]
[BlackElo "1950"]
[TimeControl "180+1"]
[EndTime "11:45:16 PDT"]
[Termination "SanchezKelvin won by resignation"]

1. d4 d5 2. c4 c6 3. Nf3 Nf6 4. Nc3 e6 5. Bg5 h6 6. Bxf6 Qxf6 7. e3 Nd7 8. Qc2 dxc4 9. Bxc4 g6 10. O-O-O Bg7 11.
Ne4 Qe7 12. h4 O-O 13. h5 g5 14. Bd3 Nb6 15. Kb1 Nd5 16. a3 b5 17. Qxc6 Bd7 18. Qd6 Qd8 19. Nc5 Nb6 20. Ne5 Bc8 21. Qxd8 Rxd8 22. Bxb5 a6 23. Bc6 Rb8 24. Bf3 Nd5 25. Nc6 Nc3+ 26. Kc2 Nxd1 27. Rxd1 Bd7 28. Nxb8 Rxb8 29. Nxd7 1-0

[Event "*** SCC Grand Prix: Titled Tuesday Blitz"]
[Site "Chess.com"]
[Date "2020.07.14"]
[Round "9"]
[White "DonPreuss"]
[Black "FearNoEvil12"]
[Result "1-0"]
[WhiteElo "2175"]
[BlackElo "2006"]
[TimeControl "180+1"]
[EndTime "11:45:18 PDT"]
[Termination "DonPreuss won by resignation"]

1. d4 b5 2. e4 a6 3. f4 Bb7 4.
d5 e6 5. c4 bxc4 6. Bxc4 Nf6 7.
Nc3 Bc5 8. Nf3 O-O 9. dxe6 fxe6 10. Qe2 d5 11. Bb3 dxe4 12. Bxe6+ Kh8 13. Ne5 Qe7 14. Bb3 Nc6 15. Nxc6 Bxc6 16. Be3 Bxe3 17.
Qxe3 Ng4 18. Qg3 Nf6 19. O-O Rae8 20. Rae1 e3 21. f5 Qc5 22. Kh1 e2 23. Rxe2 Rxe2 24.
Nxe2 Ne4 25. Qh4 Nd2 26. Rc1 Qe3 27. Rc3 Qxe2 28. Qxh7+ 1-0

[Event "*** SCC Grand Prix: Titled Tuesday Blitz"]
[Site "Chess.com"]
[Date "2020.07.14"]
[Round "9"]
[White "Chessdemon2019"]
[Black "poppy73"]
[Result "1-0"]
[WhiteElo "2365"]
[BlackElo "2239"]
[TimeControl "180+1"]
[EndTime "11:45:19 PDT"]
[Termination "Chessdemon2019 won by resignation"]

1. e4 c5 2. Nf3 d6 3. d4 cxd4 4. Nxd4 Nf6 5. f3 e5 6. Nb3 Be6 7. c4 Qc7 8. Qd3 Nbd7 9. Nc3 Be7 10. Be3 Nh5 11. Rc1 Nf4 12. Qd2 Ng6 13. Nd5 Bxd5 14. cxd5 Qd8 15. Na5 Rc8 16. Nxb7 Rxc1+ 17. Qxc1 Qb8 18.
Qc6 Nf8 19. Bb5 f6 20. O-O Kf7 21. Rc1 h5 22. Qc7 Qxc7 23. Rxc7 Ke8 24. Bxa7 g5 25.
Be3 Rh7 26. a4 Bd8 27. Rc8 Kf7 28. Nxd8+ Kg6 29. a5 Nc5 30. Bxc5 dxc5 31. Rxc5 Ra7 32. Nc6 Ra8 33. a6 Nd7 34. Rc3 Nb6 35. a7 Kf7 36. Ba6 Ke8 37. Bb7 1-0

[Event "*** SCC Grand Prix: Titled Tuesday Blitz"]
[Site "Chess.com"]
[Date "2020.07.14"]
[Round "9"]
[White "arminmusovic"]
[Black "sotochess"]
[Result "1-0"]
[WhiteElo "2558"]
[BlackElo "2432"]
[TimeControl "180+1"]
[EndTime "11:45:23 PDT"]
[Termination "arminmusovic won by resignation"]

1. a3 Nf6 2. Nc3 d5 3. d3 d4 4. Ne4 Nxe4 5. dxe4 Nc6 6. Nf3 g6 7. e3 Bg7 8. Bb5 e5 9. exd4 exd4 10. O-O O-O 11.
h3 h6 12. Re1 Be6 13. Bf4 g5 14. Bg3 Ne7 15. Qd3 Ng6 16. b4 a5 17. Rad1 axb4 18.
axb4 g4 19. Nxd4 Bxd4 20. Qxd4 Qxd4 21. Rxd4 c6 22. Bf1 gxh3 23. gxh3 Ra2 24. c4 Rb2 25. h4 Ra8 26. h5 Nf8 27. b5 Bg4 28. bxc6 bxc6 29.
Rd6 Bxh5 30. Rxh6 Bg6 31. Be5 Nh7 32. Bxb2 1-0

[Event "*** SCC Grand Prix: Titled Tuesday Blitz"]
[Site "Chess.com"]
[Date "2020.07.14"]
[Round "9"]
[White "LimaRR"]
[Black "Boudicca64"]
[Result "1-0"]
[WhiteElo "2058"]
[BlackElo "1789"]
[TimeControl "180+1"]
[EndTime "11:45:25 PDT"]
[Termination "LimaRR won by resignation"]

1. e4 c5 2. Nf3 e6 3. d4 cxd4 4.
Nxd4 a6 5. Nc3 g6 6. Be3 Bg7 7. Qd2 Nc6 8. O-O-O Nge7 9. h4 d5 10. f3 dxe4 11. Nxe4 Nxd4 12. Bxd4 Bxd4 13. Qxd4 Qxd4 14. Rxd4 O-O 15. h5 Nc6 16. Rd2 f5 17. Nd6 g5 18.
Bc4 Ne5 19. Bb3 Bd7 20. Re1 Nf7 21. Nxb7 Bc6 22. Nc5 Rae8 23. Nxe6 1-0

[Event "*** SCC Grand Prix: Titled Tuesday Blitz"]
[Site "Chess.com"]
[Date "2020.07.14"]
[Round "9"]
[White "lucachess49"]
[Black "Mikhail_Golubev"]
[Result "0-1"]
[WhiteElo "2445"]
[BlackElo "2604"]
[TimeControl "180+1"]
[EndTime "11:45:27 PDT"]
[Termination "Mikhail_Golubev won by resignation"]

1. d4 Nf6 2. c4 g6 3. f3 Bg7 4. e4 d6 5. Nc3 O-O 6. Nge2 Nbd7 7. Be3 a6 8. Qd2 b5 9. cxb5 axb5 10. Nxb5 c6 11. Nbc3 e5 12. dxe5 Nxe5 13. Nd4 d5 14. exd5 Nxd5 15. Nxd5 Qxd5 16. Be2 Re8 17. O-O Ng4 18.
fxg4 Rxe3 19. Kh1 Qxd4 20. Qxd4 Bxd4 21. Bc4 Be6 22. Bxe6 Rxe6 23. a4 c5 24. Ra2 Re2 25. Rb1 c4 0-1

[Event "*** SCC Grand Prix: Titled Tuesday Blitz"]
[Site "Chess.com"]
[Date "2020.07.14"]
[Round "9"]
[White "NemtsevIgor"]
[Black "ellatambien"]
[Result "1-0"]
[WhiteElo "2365"]
[BlackElo "2446"]
[TimeControl "180+1"]
[EndTime "11:45:27 PDT"]
[Termination "NemtsevIgor won on time"]

1. d4 Nf6 2. Bf4 c5 3. e3 e6 4. Nd2 b6 5. Ngf3 Bb7 6. Nc4 d5 7.
Nce5 Nbd7 8. Ng5 Nxe5 9. dxe5 Nd7 10. Qh5 g6 11. Qh3 Bg7 12. Nf3 h6 13. Qg4 g5 14. h4 Qc7 15. hxg5 hxg5 16. Rxh8+ Bxh8 17. Qxg5 Nf8 18. Qg8 1-0

[Event "*** SCC Grand Prix: Titled Tuesday Blitz"]
[Site "Chess.com"]
[Date "2020.07.14"]
[Round "9"]
[White "Vesper2018"]
[Black "Caterpiller35"]
[Result "1-0"]
[WhiteElo "2588"]
[BlackElo "2440"]
[TimeControl "180+1"]
[EndTime "11:45:28 PDT"]
[Termination "Vesper2018 won by resignation"]

1. e4 c5 2. Nc3 a6 3. Nf3 e6 4. d4 cxd4 5. Nxd4 Nc6 6. g3 Qc7 7. Bg2 Nxd4 8. Qxd4 Nf6 9. Bf4 Qc5 10. Qd2 d6 11.
O-O Be7 12. Rad1 e5 13. Bg5 Be6 14. Kh1 Rd8 15. f4 exf4 16. Bxf4 O-O 17. Be3 Qh5 18.
Kg1 d5 19. exd5 Nxd5 20. Nxd5 Bxd5 21. Bxd5 Bf6 22. c4 b5 23. b3 bxc4 24. bxc4 Rfe8 25. Rfe1 Rb8 26. Rb1 Rxb1 27. Rxb1 Qf5 28. Re1 h5 29. Bf2 Rb8 30. Bd4 Bg5 31. Qf2 Qg6 32. Rf1 1-0

[Event "*** SCC Grand Prix: Titled Tuesday Blitz"]
[Site "Chess.com"]
[Date "2020.07.14"]
[Round "9"]
[White "Maxim_e2e4"]
[Black "EvgenyRomanov"]
[Result "0-1"]
[WhiteElo "2404"]
[BlackElo "2594"]
[TimeControl "180+1"]
[EndTime "11:45:30 PDT"]
[Termination "EvgenyRomanov won on time"]

1. b3 e5 2. Bb2 Nc6 3. c4 d6 4. e3 g5 5. d4 Bg7 6. Ne2 f5 7. Ng3 Nf6 8. Nh5 Nxh5 9. Qxh5+ Kf8 10. d5 Nb4 11. Na3 Bd7 12. Be2 Qf6 13. f4 gxf4 14. exf4 Qg6 15. fxe5 Qxh5 16. Bxh5 Bxe5 17. O-O-O Nxa2+ 18. Kc2 Nb4+ 19. Kb1 Kg7 20. Rhe1 Kf6 21. Bf3 f4 22. Rxe5 dxe5 23. c5 Bf5+ 24. Ka1 Nd3 0-1

[Event "*** SCC Grand Prix: Titled Tuesday Blitz"]
[Site "Chess.com"]
[Date "2020.07.14"]
[Round "9"]
[White "Quiet_Desperation"]
[Black "Mikhal867"]
[Result "0-1"]
[WhiteElo "2232"]
[BlackElo "2388"]
[TimeControl "180+1"]
[EndTime "11:45:30 PDT"]
[Termination "Mikhal867 won by resignation"]

1. e4 g6 2. d4 Bg7 3. Nc3 d6 4. f4 a6 5. Nf3 b5 6. a3 Nd7 7. Be2 c5 8. dxc5 Nxc5 9. O-O Bb7 10. Bd3 Nf6 11. e5 dxe5 12. fxe5 Nd5 13. Nxd5 Qxd5 14. Qe2 O-O 15. Rd1 Nxd3 16. Rxd3 Qc4 17. b3 Qg4 18. h3 Qf5 19. Bb2 Rac8 20. Rad1 Be4 21. R3d2 Rxc2 22.
Nh4 Rxd2 23. Rxd2 Qf4 24. Rd4 Qxh4 25. Rxe4 Qg3 26. e6 f5 27. Bxg7 Kxg7 28. Qb2+ Rf6 29.
Re2 f4 30. Rf2 Qe3 31. Kh1 g5 32. h4 h6 0-1

[Event "*** SCC Grand Prix: Titled Tuesday Blitz"]
[Site "Chess.com"]
[Date "2020.07.14"]
[Round "9"]
[White "Zablotsky"]
[Black "Igor_Lysyj"]
[Result "1-0"]
[WhiteElo "2620"]
[BlackElo "2796"]
[TimeControl "180+1"]
[EndTime "11:45:33 PDT"]
[Termination "Zablotsky won by resignation"]

1. d4 d5 2. f3 c5 3. e4 cxd4 4. Qxd4 e6 5. Nc3 Nc6 6. Bb5 Bd7 7. Bxc6 bxc6 8. Nge2 c5 9. Qd3 d4 10. Nb1 Ne7 11. Nd2 Nc6 12. Nc4 Nb4 13. Qb3 a5 14. a4 Rb8 15. Bf4 Rb7 16. O-O Qa8 17. Bd2 Be7 18. Bxb4 Rxb4 19. Qd3 O-O 20. b3 Bc8 21.
Qd1 Ba6 22. Ne5 Rd8 23. Nd3 Rbb8 24. Ng3 c4 25. bxc4 Bxc4 26. f4 Bh4 27. Re1 Qa6 28. Qg4 Bxg3 29. Qxg3 Bxd3 30. cxd3 Rb3 31. Rad1 Qd6 32.
Qg5 Qc7 33. Qg4 Qe7 34. Qh5 Ra8 35. Rf1 g6 36. Qe5 Qd7 37. f5 exf5 38. exf5 Re8 39. Qxa5 Rb2 40. Rde1 Rxe1 41. Rxe1 Qxf5 42. Qxf5 gxf5 43.
Ra1 Rb6 44. a5 Ra6 45. Kf2 Kg7 46. Kf3 Kf6 47. Kf4 1-0

[Event "*** SCC Grand Prix: Titled Tuesday Blitz"]
[Site "Chess.com"]
[Date "2020.07.14"]
[Round "9"]
[White "pfalcon1949"]
[Black "Ze-Pequeno"]
[Result "0-1"]
[WhiteElo "2055"]
[BlackElo "2245"]
[TimeControl "180+1"]
[EndTime "11:45:35 PDT"]
[Termination "Ze-Pequeno won by resignation"]

1. d4 Nf6 2. c4 g6 3. Nc3 d5 4. cxd5 Nxd5 5. e4 Nxc3 6. bxc3 Bg7 7. Bc4 c5 8. Ne2 Nc6 9. Be3 O-O 10. O-O b6 11. dxc5 Qc7 12. Nd4 Na5 13. Be2 bxc5 14.
Nb5 Qc6 15. Qd2 Be6 16. f4 Nc4 17. Bxc4 Bxc4 18. Na3 Bxf1 19. Rxf1 Qxe4 20. Bxc5 Rfd8 21. Qc1 Rdc8 22. Re1 Qd5 23. Bxe7 Bxc3 24. Re6 0-1

[Event "*** SCC Grand Prix: Titled Tuesday Blitz"]
[Site "Chess.com"]
[Date "2020.07.14"]
[Round "9"]
[White "verdest"]
[Black "AttackSparrow"]
[Result "1-0"]
[WhiteElo "2493"]
[BlackElo "2312"]
[TimeControl "180+1"]
[EndTime "11:45:39 PDT"]
[Termination "verdest won by resignation"]

1. d4 Nf6 2. c4 c5 3. d5 b5 4. cxb5 a6 5. bxa6 g6 6. Nc3 Bg7 7. e4 O-O 8. a7 Rxa7 9. Nf3 Bb7 10. Bc4 e6 11. O-O Na6 12. Bg5 h6 13. Bh4 g5 14. Bg3 exd5 15. exd5 Nc7 16. Bxc7 Qxc7 17. Nb5 Qb6 18. Nxa7 Qxa7 19. Qd3 d6 20. Rfe1 Qa8 21. Rad1 Nd7 22. Qf5 Ne5 23. Nxe5 Bxe5 24. Bd3 Re8 25. Qh7+ Kf8 26. Qxh6+ Bg7 27. Qxd6+ Kg8 28. Bb5 Rd8 29. Qxd8+ Qxd8 30. Re8+ Qxe8 31. Bxe8 Kf8 32. Bc6 Ba6 33. d6 Bd4 34. b4 f6 35. b5 Bc8 36. b6 1-0

[Event "*** SCC Grand Prix: Titled Tuesday Blitz"]
[Site "Chess.com"]
[Date "2020.07.14"]
[Round "9"]
[White "PavelChernomordik"]
[Black "TioCridineno"]
[Result "1-0"]
[WhiteElo "2340"]
[BlackElo "2162"]
[TimeControl "180+1"]
[EndTime "11:45:39 PDT"]
[Termination "PavelChernomordik won by resignation"]

1. e4 c5 2. Nc3 a6 3. f4 b5 4. Qe2 Bb7 5. g3 e6 6. Bg2 Ne7 7. d3 d6 8. Nf3 Nbc6 9. O-O g6 10. f5 Bg7 11. fxe6 fxe6 12. Ng5 Nd4 13. Qd1 Qd7 14. Bh3 h6 15. Nf3 O-O 16. Be3 Nxf3+ 17. Rxf3 Nc6 18. Rxf8+ Rxf8 19. Qg4 Ne5 20. Qxe6+ Qxe6 21. Bxe6+ Kh7 22. Kg2 Rf6 23. Bh3 b4 24. Nd5 Bxd5 25. exd5 g5 26. Rf1 Rxf1 27. Kxf1 Nf3 28. Ke2 Nd4+ 29. Kd1 Nf3 30. Bg4 Ne5 31. Bf5+ Kg8 32. Ke2 Kf7 33. c3 a5 34. cxb4 axb4 35. a4 bxa3 36. bxa3 Ke7 37.
a4 Nd7 38. Bxd7 Kxd7 39. Kf3 h5 40. Ke4 g4 41. Kf5 Be5 42. Kg5 h4 43. Kxh4 1-0

[Event "*** SCC Grand Prix: Titled Tuesday Blitz"]
[Site "Chess.com"]
[Date "2020.07.14"]
[Round "9"]
[White "alfiefischer77"]
[Black "MusicCityMaster"]
[Result "0-1"]
[WhiteElo "2215"]
[BlackElo "2430"]
[TimeControl "180+1"]
[EndTime "11:45:40 PDT"]
[Termination "MusicCityMaster won by resignation"]

1. e4 c5 2. Nf3 d6 3. d4 cxd4 4. Nxd4 Nf6 5. Nc3 a6 6. Bg5 e6 7. f4 Nbd7 8. Qf3 Qc7 9. O-O-O b5 10. Bd3 Bb7 11. Rhe1 Qb6 12. Nd5 Qxd4 13. Bxf6 gxf6 14. Bxb5 Qc5 15. Nxf6+ Ke7 16. Bxd7 Bg7 17. Nh5 Bxb2+ 18. Kxb2 Kxd7 19. Qa3 Qxa3+ 20. Kxa3 Rhc8 21. Rd2 Rab8 22. Red1 Ke7 23. Rxd6 Bxe4 24. Rd7+ Kf8 25. R1d4 Rc3+ 26. Ka4 Bxc2+ 27. Ka5 Ra3+ 0-1

[Event "*** SCC Grand Prix: Titled Tuesday Blitz"]
[Site "Chess.com"]
[Date "2020.07.14"]
[Round "9"]
[White "GjakanTati"]
[Black "Alexander_Moskalenko"]
[Result "0-1"]
[WhiteElo "2584"]
[BlackElo "2774"]
[TimeControl "180+1"]
[EndTime "11:45:44 PDT"]
[Termination "Alexander_Moskalenko won by resignation"]

1. d4 g6 2. c4 d6 3. Nc3 Bg7 4. e4 c5 5. Be3 Qa5 6. dxc5 dxc5 7.
Qa4+ Qxa4 8. Nxa4 b6 9. f4 Bd7 10. Nc3 Bxc3+ 11. bxc3 Nc6 12. Nf3 Nf6 13. e5 Ne4 14.
Rc1 Bf5 15. Nh4 h5 16. Nxf5 gxf5 17. g3 e6 18. Bd3 O-O-O 19. Ke2 Na5 20. Rhg1 Rxd3 21.
Kxd3 Rd8+ 22. Ke2 Nxc4 23. Rc2 Kc7 24. Bc1 Kc6 25. h3 b5 26. g4 hxg4 27. hxg4 Rh8 28.
gxf5 exf5 29. Kf1 Kd5 30. Rg7 Ke6 31. Kg2 a5 32. Re2 Nxc3 33. Rc2 Nd5 34. Rf2 b4 35. Rf3 a4 36. Rd3 Ncb6 37. Be3 Nxe3+ 38. Rxe3 Nd5 39.
Rf3 c4 40. Kg3 b3 41. axb3 axb3 42. Rf1 b2 43. Rb1 c3 0-1

[Event "*** SCC Grand Prix: Titled Tuesday Blitz"]
[Site "Chess.com"]
[Date "2020.07.14"]
[Round "9"]
[White "bazar-wokzal"]
[Black "PavelShkapenko"]
[Result "1-0"]
[WhiteElo "2469"]
[BlackElo "2589"]
[TimeControl "180+1"]
[EndTime "11:45:45 PDT"]
[Termination "bazar-wokzal won by resignation"]

1. e4 c5 2. c3 d5 3. exd5 Qxd5 4. d4 Nc6 5. Nf3 Bf5 6. dxc5 Qxd1+ 7. Kxd1 e5 8. Be3 Nf6 9. Bb5 Ng4 10. Bxc6+ bxc6 11. b4 O-O-O+ 12. Kc1 Nxe3 13. fxe3 f6 14. Rd1 Be7 15. Na3 Rxd1+ 16. Kxd1 Rd8+ 17. Ke2 Bg4 18. h3 Bh5 19. g4 Bf7 20. Nd2 h5 21. Nac4 Be6 22. Rg1 hxg4 23.
hxg4 Rh8 24. g5 Kd7 25. gxf6 gxf6 26. Rg7 Rh4 27. Nd6 Rh8 28. a4 Rg8 29. Rh7 f5 30. N2c4 Bxc4+ 31. Nxc4 Ke6 32. Nxe5 Bf6 33. Nxc6 Bxc3 34. b5 Kd5 35. Ne7+ 1-0

[Event "*** SCC Grand Prix: Titled Tuesday Blitz"]
[Site "Chess.com"]
[Date "2020.07.14"]
[Round "9"]
[White "AGW2016"]
[Black "Savva09022009"]
[Result "0-1"]
[WhiteElo "2279"]
[BlackElo "2450"]
[TimeControl "180+1"]
[EndTime "11:45:46 PDT"]
[Termination "Savva09022009 won by resignation"]

1. d4 Nf6 2. c4 e6 3. g3 d5 4. Nf3 dxc4 5. Bg2 a6 6. O-O Nc6 7. e3 Rb8 8. a4 b5 9. b3 cxb3 10.
Qxb3 Be7 11. axb5 axb5 12. Nc3 O-O 13. Rd1 b4 14. Na4 Bb7 15. Nc5 Bxc5 16. dxc5 Qe7 17. Bb2 Nd7 18. Nd4 Nxc5 19. Qc4 Nxd4 20. Bxd4 Ne4 21. Ba7 Bd5 22. Qd4 c5 23. Qd3 c4 24.
Qd4 Nc3 25. Bxb8 Ne2+ 0-1

[Event "*** SCC Grand Prix: Titled Tuesday Blitz"]
[Site "Chess.com"]
[Date "2020.07.14"]
[Round "9"]
[White "sergeikim"]
[Black "IAgrest"]
[Result "1-0"]
[WhiteElo "2365"]
[BlackElo "2220"]
[TimeControl "180+1"]
[EndTime "11:45:46 PDT"]
[Termination "sergeikim won on time"]

1. d4 Nf6 2. c4 g6 3. Nc3 Bg7 4. e4 d6 5. Nge2 O-O 6. Ng3 Nbd7 7. Be2 c5 8. d5 a6 9. a4 b6 10. O-O h5 11. Bg5 Rb8 12. Qd2 Ne5 13. f4 Neg4 14.
h3 Nh6 15. e5 Nh7 16. Bh4 Nf5 17. Nxf5 Bxf5 18. Bd3 Bxd3 19. Qxd3 dxe5 20. f5 g5 21. Bg3 h4 22. Bh2 Qd7 23. Rae1 b5 24. axb5 axb5 25. Nxb5 Ra8 26. Bxe5 Bxe5 27. Rxe5 Nf6 28.
Qe3 Nh7 29. Rxe7 Qd8 30. f6 Ra2 31. Rf5 Rxb2 32. Rxg5+ Kh8 33. Rh5 1-0

[Event "*** SCC Grand Prix: Titled Tuesday Blitz"]
[Site "Chess.com"]
[Date "2020.07.14"]
[Round "9"]
[White "elamier"]
[Black "PrinceMurad09"]
[Result "0-1"]
[WhiteElo "2321"]
[BlackElo "2516"]
[TimeControl "180+1"]
[EndTime "11:45:47 PDT"]
[Termination "PrinceMurad09 won on time"]

1. d4 Nf6 2. Bg5 d5 3. Bxf6 exf6 4. e3 Bd6 5. c4 dxc4 6. Bxc4 O-O 7. Nc3 c6 8. Bb3 f5 9. Qf3 g6 10. h4 h5 11.
Nge2 Kg7 12. Nf4 Nd7 13. Rh3 Nf6 14. Nce2 a5 15. Ng3 a4 16. Bc2 Qa5+ 17. Kf1 Qb5+ 18. Kg1 Qxb2 19. Qd1 Bxf4 20. exf4 Be6 21. Nf1 Rfd8 22.
Rd3 Qb6 23. Ne3 Qc7 24. g3 Bd5 25. Bxa4 Be4 26. Rd2 Rd7 27. Bb3 Rad8 28. Rc1 Qb6 29. d5 cxd5 30. Rd4 Ng4 31. Nxg4 hxg4 32. Ba4 Rd6 33.
a3 Qa6 34. Rb4 d4 35. Bb5 Qxa3 36. Rb3 Qa5 37. Bd3 Bf3 38. Be2 Bxe2 39. Qxe2 d3 40. Qd1 d2 41. Rc2 Re8 42. Rbb2 Re1+ 0-1

[Event "*** SCC Grand Prix: Titled Tuesday Blitz"]
[Site "Chess.com"]
[Date "2020.07.14"]
[Round "9"]
[White "KratosKrieg"]
[Black "vesalhamedinia"]
[Result "0-1"]
[WhiteElo "1957"]
[BlackElo "2182"]
[TimeControl "180+1"]
[EndTime "11:45:47 PDT"]
[Termination "vesalhamedinia won on time"]

1. e4 c5 2. Nf3 Nc6 3. Bb5 g6 4. Bxc6 dxc6 5. h3 Bg7 6. d3 Nf6 7. O-O Nd7 8. Nc3 e5 9. Be3 b6 10. a4 a5 11. Qd2 h6 12. Nh2 Nf8 13. f4 exf4 14. Bxf4 Ne6 15. Be3 Nd4 16. Nf3 Be6 17. Rf2 Qe7 18. Raf1 O-O-O 19. Ne2 Rd7 20. b3 g5 21. Ng3 Rg8 22. Nh5 f5 23. Nxg7 Qxg7 24. exf5 Nxf5 25. Nh2 Ng3 26. Re1 Bd5 27. Nf3 g4 28.
hxg4 Qxg4 0-1

[Event "*** SCC Grand Prix: Titled Tuesday Blitz"]
[Site "Chess.com"]
[Date "2020.07.14"]
[Round "9"]
[White "Yoshikrov"]
[Black "Evachess2006"]
[Result "1-0"]
[WhiteElo "2096"]
[BlackElo "1610"]
[TimeControl "180+1"]
[EndTime "11:45:49 PDT"]
[Termination "Yoshikrov won on time"]

1. e4 e5 2. Nf3 Nc6 3. d4 exd4 4. Nxd4 Nxd4 5. Qxd4 d6 6. Nc3 Nf6 7. Bg5 Be7 8.
O-O-O O-O 9. h4 h6 10. Bd2 Be6 11. f3 d5 12. exd5 Nxd5 13. Nxd5 Qxd5 14. Qxd5 Bxd5 15. Bf4 c6 16. Kb1 Rad8 17. Bd3 c5 18. g4 a6 19. Be2 Bc6 20. g5 hxg5 21. hxg5 f6 22. Bc4+ Rf7 23. g6 1-0